 Dungeon Crawl Stone Soup version 0.29-a0-284-gf9362112df (webtiles) character file.

Game seed: 3872133607520450674

135 sammy202020 the Shield-Bearer (level 5, 0/33 HPs)
             Began as a Gargoyle Fighter on Mar 20, 2022.
             Slain by a worm (7 damage)
             ... on level 3 of the Dungeon.
             The game lasted 00:04:52 (1956 turns).

sammy202020 the Shield-Bearer (Gargoyle Fighter)    Turns: 1956, Time: 00:04:53

Health: 0/33       AC: 11    Str: 20    XL:     5   Next: 18%
Magic:  5/5        EV:  9    Int: 10    God:
Gold:   78         SH:  9    Dex:  9    Spells: 4/4 levels left

rFire   . . .      SeeInvis .   a - +0 flail
rCold   . . .      Faith    .   c - +0 buckler
rNeg    + . .      Spirit   .   b - +0 scale mail
rPois   ∞          Reflect  +   (no helmet)
rElec   +          Harm     .   (no cloak)
rCorr   .          Rampage  .   (no gloves)
Will    .....                   (no boots)
Stlth   ..........              h - amulet of reflection
HPRegen 0.11/turn               (no ring)
MPRegen 0.09/turn               (no ring)

@: mighty
A: sickness immunity, AC +4, negative energy resistance 1, electricity
resistance, torment resistance 1, petrification resistance
a: no special abilities


You were on level 3 of the Dungeon.
You visited 1 branch of the dungeon, and saw 3 of its levels.

You collected 78 gold pieces.

Inventory:

Hand Weapons
 a - a +0 flail (weapon)
Missiles
 k - 2 boomerangs (quivered)
Armour
 b - a +0 scale mail (worn)
 c - a +0 buckler (worn)
Jewellery
 h - an amulet of reflection (around neck)
Scrolls
 e - a scroll of teleportation {unknown}
 f - 4 scrolls of identify {unknown}
 g - a scroll of enchant weapon {unknown}
 i - 2 scrolls of vulnerability {unknown}
 j - a scroll of brand weapon {unknown}
 l - a scroll of torment {unknown}


   Skills:
 * Level 4.0 Fighting
 * Level 2.9 Maces & Flails
 * Level 4.1 Armour
 + Level 1.2 Dodging
 * Level 4.1 Shields


You had 4 spell levels left.
You didn't know any spells.
Your spell library was empty.

Dungeon Overview and Level Annotations

Branches:
Dungeon (3/15)

Altars:

Shops:
D:2 *


Innate Abilities, Weirdness & Mutations

You are immune to sickness and miasma.
Your stone body is resilient. (AC +4)
You are immune to poison.
You resist negative energy. (rN+)
You are resistant to electric shocks. (rElec)
You are resistant to unholy torment.
You are immune to petrification.


Message History

Beogh smites you!
* * * LOW HITPOINT WARNING * * *
You sock the orc priest!
You kill the orc priest!
Your Fighting skill increases to level 4!
Your Armour skill increases to level 4!
Your Shields skill increases to level 4!
You have reached level 5!
You now have 78 gold pieces (gained 17).
Things that are here:
a +0 vampiric war axe; a +0 ring mail; an orc corpse
Okay, then.
k - 2 boomerangs (gained 1)
You see here a +0 mace.
You see here a +0 falchion.
l - a scroll labelled INI JESECKA An adder comes into view.
The adder hisses angrily.
A worm comes into view.
You block the adder's attack. x2
The adder closely misses you. You block the adder's attack.
The adder closely misses you.
Sorry, you're not good enough to have a special ability.
You feel very mighty all of a sudden. You block the adder's attack. x2
You closely miss the adder. The adder bites you but does no damage.
You bludgeon the adder!!
You kill the adder!
The worm closely misses you.
You barely miss the worm. The worm barely misses you.
You hit the worm.
The worm is lightly wounded.
You thump the worm!
The worm is severely wounded.
You block the worm's attack.
You barely miss the worm.
The worm is severely wounded.
The worm bites you!
You die...

...... ...... ....##
....##+######
#.........#
#)).......#
#.).......###
#.#........... .
#.@..†........
....#####w...........
....w.....#..........
....?........########
###..........#.....
#........>......#
.........#.##.##.#
..........#.# .#
....(.....#.# #


You could see a worm.

Vanquished Creatures
  An orc priest (D:3)
  An iguana (D:2)
  2 adders
  A worm (D:2)
  4 dart slugs
  2 orcs (D:3)
  2 endoplasms (D:1)
  2 giant cockroaches
  3 goblins
  6 hobgoblins
  7 jackals
  2 kobolds
  A quokka (D:3)
  2 ball pythons (D:1)
  3 bats (D:1)
  2 frilled lizards (D:1)
  10 rats
51 creatures vanquished.

Notes
Turn   | Place    | Note
-------+----------+-------------------------------------------
     0 | D:1      | sammy202020 the Gargoyle Fighter began the quest for the
                  | Orb.
     0 | D:1      | Reached XP level 1. HP: 14/14 MP: 1/1
    50 | D:1      | Found a faded altar of an unknown god.
   343 | D:1      | Reached XP level 2. HP: 17/19 MP: 2/2
   843 | D:1      | Reached XP level 3. HP: 22/23 MP: 3/3
  1288 | D:2      | Reached skill level 1 in Dodging
  1288 | D:2      | Reached XP level 4. HP: 29/29 MP: 4/4
  1458 | D:2      | Found Jiysaoh's Assorted Antiques.
  1918 | D:3      | Reached XP level 5. HP: 2/33 MP: 5/5
  1956 | D:3      | Slain by a worm

Illustrated notes

Levels and vault maps discovered:
D:1:      ncdulo_smallfort, layout_loops_ring,
          ebering_ecumenical_altar_abandoned, minmay_misc_feat_five,
          minmay_shallow_snake_nest
D:2:      layout_loops_ring, serial_shops, nicolae_shop_statue_plus
D:3:      layout_basic, uniq_terence

Skill      XL: |  1  2  3  4 |
---------------+-------------+-----
Dodging        | 1 |  1.2
Fighting       | 4 |  4.0
Armour         | 4 |  4.1
Shields        | 4 |  4.1
Maces & Flails | |  2.9

Action                   |  1- 3 |  4- 6 || total
-------------------------+-------+-------++-------
Melee: Flail             |   120 |    61 ||   181
  Use: Potion            |       |     1 ||     1
Armor: Scale mail        |    69 |    19 ||    88
Dodge: Dodged            |    74 |    23 ||    97
Block: Buckler           |    32 |    24 ||    56

Table legend: (Time is in decaauts)
 A = Elapsed time spent in this place.
 B = Non-inter-level travel time spent in this place.
 C = Inter-level travel time spent in this place.
 D = Time resting spent in this place.
 E = Time spent auto-exploring this place.
 F = Levels seen in this place.
 G = Mean time per level.
                   A        B        C        D        E       F      G
               +--------+--------+--------+--------+--------+-----+--------+
         Total |   2015 |   1992 |     23 |      0 |   1407 |   3 |  671.7 |
       Dungeon |   2015 |   1992 |     23 |      0 |   1407 |   3 |  671.7 |
               +--------+--------+--------+--------+--------+-----+--------+

Top non-repeatable levels by time:
     D:1: 1153 daAuts
     D:2: 704 daAuts
     D:3: 156 daAuts
